 Dungeon Crawl Stone Soup version 0.30-b1-2-g02819fbbbe (webtiles) character file.

Game seed: 14097721748209807104

1495 Mesmaeker13 the Scholar of Death (level 8, -6/36 HPs)
             Began as a Vine Stalker Necromancer on May 28, 2023.
             Was a Follower of Kikubaaqudgha.
             Mangled by an orc knight
             ... wielding a +0 war axe
              (12 damage)
             ... in a bailey.
             The game lasted 00:15:51 (5892 turns).

Mesmaeker13 the Scholar of Death (VSNe)             Turns: 5892, Time: 00:15:52

Health: -6/36      AC:  9    Str: 11      XL:     8   Next: 81%
Magic:  0/18       EV: 13    Int: 21 (23) God:    Kikubaaqudgha [*.....]
Gold:   176        SH:  0    Dex: 14 (15) Spells: 4/19 levels left

rFire   . . .        h - +0 dagger (venom)
rCold   . . .        (no shield)
rNeg    . . .        a - +0 robe
rPois   .            C - +0 helmet
rElec   .            m - +0 cloak
rCorr   .            (no gloves)
SInv    .            e - +0 pair of boots
Will    +....        (no amulet)
Stlth   ++           w - +4 ring of protection
HPRegen 1.06/turn    s - +6 ring of intelligence
MPRegen 0.16/turn

%: guardian spirit
@: animating dead (expiring)
A: fangs 3, regeneration 1, magic shield, antimagic bite, no potion heal 2
a: Renounce Religion, Unearth Wretches


You were in a bailey.
You worshipped Kikubaaqudgha.
Kikubaaqudgha was aware of your devotion.
You visited 2 branches of the dungeon, and saw 8 of its levels.
You also visited: Bailey.

You collected 176 gold pieces.

Inventory:

Hand Weapons
 c - the +11 sling of Ignis's Esteem {flame, rPois Int-3 Dex+2}
   (You found it on level 8 of the Dungeon)

   Int:       It affects your intelligence (-3).
   Dex:       It affects your dexterity (+2).
   rPois:     It protects you from poison.
 h - a +0 dagger of venom (weapon)
Armour
 a - a +0 robe (worn)
 e - a +0 pair of boots (worn)
 j - the +3 kite shield of the Hurricane {rN++ Will++ Str+2 Int-3}
   (You acquired it on level 4 of the Dungeon)

   Str:       It affects your strength (+2).
   Int:       It affects your intelligence (-3).
   rN:        It greatly protects you from negative energy.
   Will:      It greatly increases your willpower.
 m - a +0 cloak (worn)
 y - a +0 kite shield
 C - a +0 helmet (worn)
Magical Staves
 l - a staff of fire
Jewellery
 s - a +6 ring of intelligence (right hand)
 w - a +4 ring of protection (left hand)
 x - a ring of ice
Wands
 v - a wand of digging (7)
Scrolls
 d - a scroll of teleportation {unknown}
 f - a scroll of poison {unknown}
 i - 2 scrolls of enchant weapon
 q - a scroll of vulnerability {unknown}
 z - a scroll of fog {unknown}
 A - a scroll of immolation
Potions
 b - a potion of magic
 k - 3 potions of resistance
 n - 2 potions of brilliance
 o - a potion of might
 p - 3 potions of degeneration
 u - a potion of heal wounds


   Skills:
 - Level 3.5 Dodging
 - Level 2.5 Stealth
 + Level 4.0 Shields
 + Level 6.4 Spellcasting
 + Level 7.3 Necromancy
 - Level 1.2 Fire Magic


You had 4 spell levels left.
You knew the following spells:

 Your Spells              Type           Power      Damage    Failure   Level
a - Necrotise             Necr           100%       1d9       1%          1
b - Vampiric Draining     Necr           37%        2d8       1%          3
c - Animate Dead          Necr           37%        N/A       4%          4
d - Scorch                Fire           22%        2d5       9%          2
e - Agony                 Necr           37%        N/A       13%         5

Your spell library contained the following spells:

 Spells                   Type           Power      Damage    Failure   Level
 Sublimation of Blood     Necr           37%        N/A       1%          2
 Inner Flame              Hex/Fire       9%         N/A       22%         3
 Flame Wave               Conj/Fire      9%         2d6       58%         4
 Sticky Flame             Conj/Fire      9%         2d3       58%         4
 Summon Cactus Giant      Summ           3%         N/A       100%        6


Dungeon Overview and Level Annotations

Branches:
Dungeon (8/15)             Temple (1/1) D:4          Bailey (1/1)
   Lair: D:8-11

Altars:
Elyvilon
Fedhas
Gozag
Hepliaklqana
Kikubaaqudgha
Nemelex Xobeh
Okawaru
Qazlal
Ru
Sif Muna
Trog
Uskayaw
Vehumet
Wu Jian
Xom
Yredelemnul
The Shining One

Shops:
D:1 *

Annotations:
D:3 exclusion: statue


Innate Abilities, Weirdness & Mutations

You have razor-sharp teeth.
Your natural rate of healing is unusually fast.
When hurt, damage is shared between your health and your magic reserves.
Your bite disrupts and absorbs the magic of your enemies.
Potions cannot restore your health.


Message History

Casting: Agony (extremely dangerous; 13% risk of failure)
Confirm with . or Enter, or press ? or * to list all spells.
The spell is extremely dangerous to miscast (13% risk of failure)!
Continue anyway?
Aiming: Agony (extremely dangerous; 13% risk of failure)
Press: ? - help, Shift-Dir - straight line, f/p - orc knight
Aim: an orc knight, wielding a +0 war axe and wearing a +0 scale mail (lightly wounded, ally target, chance to affect: 88%)
The orc knight convulses!
The orc knight hits you with a +0 war axe!
The orc knight barely misses your gnoll zombie.
Your gnoll zombie barely misses the orc knight.
Your hobgoblin zombie closely misses the gnoll.
You closely miss the orc knight.
You bite the orc knight, but do no damage.
The orc knight is heavily wounded.
The orc knight hits you with a +0 war axe!
The orc knight hits your gnoll zombie with a +0 war axe!!
Your gnoll zombie is destroyed!
You hit the orc knight but do no damage.
You bite the orc knight. You drain its power.
You feel invigorated.
The orc knight is heavily wounded.
Your reaping aura is weakening.
The orc knight closely misses you.
Your hobgoblin zombie hits the gnoll.
You hit the orc knight but do no damage.
The orc knight is poisoned.
Your bite misses the orc knight.
The orc knight is heavily wounded.
The orc knight hits you with a +0 war axe!
Your hobgoblin zombie barely misses the gnoll.
You closely miss the orc knight.
You bite the orc knight, but do no damage.
The orc knight is heavily wounded.
The orc knight hits you with a +0 war axe!
* * * LOW HITPOINT WARNING * * *
Your hobgoblin zombie barely misses the gnoll.
Unknown command.
Okay, then.
You hit the orc knight.
The orc knight looks even sicker.
The orc knight is heavily wounded.
The orc knight hits you with a +0 war axe!
You die...
Kikubaaqudgha rasps: "You have failed me!
Welcome... death!"

######### ##### ≈≈≈≈
#.......#.Z...+ ≈≈≈≈#
#.8)8.8@og....#
≈≈≈≈######...###########
≈≈≈≈~.#......#
≈≈≈≈~.#......#
≈≈≈≈~.#''#####
≈≈≈≈~.#.....#
......'.....#
......'..⌠.)#
......).....#


You could see an orc knight (very poisoned), a gnoll (ally target) and a
friendly hobgoblin zombie.

Vanquished Creatures
  A hornet (D:8)
  Menkaure (D:5)
  A black bear (D:5)
  2 centaurs
  An ogre (D:5)
  A phantom (D:2)
  A kobold brigand (D:6)
  A scorpion (D:6)
  2 howler monkeys
  Crazy Yiuf (D:5)
  2 hounds
  An orc priest (D:4)
  A jelly (D:5)
  An iguana (D:5)
  An orc wizard (D:5)
  2 sleepcaps (D:4)
  9 adders
  5 gnolls
  A white imp (D:5)
  An ufetubus (D:6)
  2 worms
  2 dart slugs
  8 orcs
  11 ball pythons
  6 bats
  10 endoplasms
  3 giant cockroaches
  4 goblins
  10 hobgoblins
  3 jackals (D:2)
  13 kobolds
  6 quokkas
  5 frilled lizards
  8 rats
127 creatures vanquished.

Vanquished Creatures (collateral kills)
  A jelly (D:5)
  3 gnolls
  An ufetubus (D:5)
  An orc (D:5)
  An endoplasm (D:2)
  A ball python (D:3)
8 creatures vanquished.

Vanquished Creatures (others)
  5 gnoll zombies
  A goblin zombie (Bailey)
  6 kobold zombies (D:6)
  4 orc zombies
16 creatures vanquished.

Grand Total: 151 creatures vanquished

Notes
Turn   | Place    | Note
-------+----------+-------------------------------------------
     0 | D:1      | Mesmaeker13 the Vine Stalker Necromancer began the quest
                  | for the Orb.
     0 | D:1      | Reached XP level 1. HP: 9/9 MP: 4/4
   276 | D:1      | Reached XP level 2. HP: 13/13 MP: 6/6
   606 | D:1      | Found Pahadel's General Store.
  1039 | D:1      | Identified a scroll of acquirement
  1045 | D:2      | Reached XP level 3. HP: 16/16 MP: 5/8
  1049 | D:2      | Learned a level 3 spell: Vampiric Draining
  1093 | D:2      | Found an iron altar of Okawaru.
  1173 | D:2      | Gained mutation: Your natural rate of healing is unusually
                  | fast. [Vine Stalker growth]
  1173 | D:2      | Reached XP level 4. HP: 21/21 MP: 3/9
  1448 | D:2      | Found a faded altar of an unknown god.
  1971 | D:3      | Noticed a phantom
  2028 | D:2      | Killed a phantom
  2029 | D:2      | Reached skill level 5 in Necromancy
  2029 | D:2      | Reached XP level 5. HP: 12/24 MP: 4/11
  2733 | D:3      | Found a radiant altar of Vehumet.
  2733 | D:3      | Noticed a charred statue
  2768 | D:3      | Learned a level 4 spell: Animate Dead
  2788 | D:4      | Found a staircase to the Ecumenical Temple.
  2795 | Temple   | Entered the Ecumenical Temple
  2845 | Temple   | Became a worshipper of Kikubaaqudgha
  2904 | D:4      | Reached XP level 6. HP: 28/28 MP: 9/12
  3981 | D:4      | Acquired the +3 kite shield of the Hurricane {rN++ Will++
                  | Str+2 Int-3}
  3988 | D:5      | Entered Level 5 of the Dungeon
  4032 | D:5      | Noticed Menkaure
  4086 | D:4      | Learned a level 2 spell: Scorch
  4091 | D:5      | HP: 1/28 [Menkaure (12)]
  4093 | D:5      | Killed Menkaure
  4094 | D:5      | Reached skill level 1 in Shields
  4094 | D:5      | Reached skill level 1 in Fire Magic
  4094 | D:5      | Reached XP level 7. HP: 3/32 MP: 0/14
  4309 | D:5      | Reached * piety under Kikubaaqudgha
  4309 | D:5      | Received a gift from Kikubaaqudgha
  4320 | D:5      | Found an iron altar of Okawaru.
  4543 | D:5      | Reached skill level 6 in Necromancy
  4577 | D:5      | Reached skill level 5 in Spellcasting
  4966 | D:5      | Found a sparkling altar of Nemelex Xobeh.
  5059 | D:5      | Found a runed translucent door.
  5060 | D:5      | Noticed Crazy Yiuf
  5070 | D:5      | Killed Crazy Yiuf
  5335 | D:5      | Gained mutation: You have razor-sharp teeth. [Vine Stalker
                  | growth]
  5335 | D:5      | Reached XP level 8. HP: 20/36 MP: 11/17
  5661 | D:5      | Learned a level 5 spell: Agony
  5674 | D:6      | You fall into a shaft and drop 2 floors!
  5722 | D:8      | Reached skill level 7 in Necromancy
  5726 | D:8      | Identified the +11 sling of Ignis's Esteem {flame, rPois
                  | Int-3 Dex+2}
  5786 | D:8      | Found a flagged portal.
  5800 | D:8      | Noticed a hornet
  5810 | D:8      | Killed a hornet
  5815 | Bailey   | Entered a bailey
  5882 | Bailey   | Noticed an orc knight
  5892 | Bailey   | Mangled by an orc knight

Illustrated notes

Levels and vault maps discovered:
D:1:      ncdulo_smallfort, layout_loops_ring, serial_shops, shop,
          minmay_three_crescents
D:2:      layout_loops_ring, nicolae_ecumenical_snake_handling, basic_altar
D:3:      wander_river, layout_rooms, vehumet_statue, serial_glass,
          glass_columns_a, glass_columns_a, glass_columns_c, glass_columns_b
D:4:      layout_loops_corners, minmay_temple_entry_crystal_x,
          chequers_mini_garden, minmay_misc_feat_tiny
D:5:      layout_rooms, nemelex_xobeh_ov_fountains_minmay,
          okawaru_altar_gauntlet_db, kennysheep_cross_room,
          minmay_misc_feat_roman, minmay_misc_feat_x, minmay_puff,
          uniq_menkaure, uniq_crazy_yiuf_cottage
D:6:      layout_basic, minitemple, gammafunk_ghost_split, serial_shops, shop,
          minivault_22, lexackson_kobold_supper
D:8:      layout_gridville, erik_lair_orcish_takeover, serial_shops, shop,
          enter_bailey_2, uniq_prince_ribbit1
Temple:   nicolae_temple_bog_church
Bailey:   bailey_axe_of_yendor_kennysheep, bailey

Skill      XL: |  1  2  3  4  5  6  7  8 |
---------------+-------------------------+-----
Dodging        | 2 3 |  3.5
Spellcasting   | 3 4 5 6 |  6.4
Necromancy     | 5 6 7 |  7.3
Shields        | 1 2 4 |  4.0
Fire Magic     | 1 |  1.2
Stealth        | |  2.5

Action                     |  1- 3 |  4- 6 |  7- 9 || total
---------------------------+-------+-------+-------++-------
  Melee: Dagger            |    17 |    62 |    90 ||   169
         Bite              |     3 |    14 |    36 ||    53
         Punch             |       |       |     3 ||     3
   Fire: Sling             |       |       |     7 ||     7
  Throw: Throwing net      |       |       |     5 ||     5
   Cast: Necrotise         |    41 |   106 |    51 ||   198
         Scorch            |       |     2 |     8 ||    10
         Animate Dead      |       |       |     6 ||     6
         Agony             |       |       |     4 ||     4
    Use: Scroll            |     4 |     3 |     3 ||    10
         Potion            |       |     1 |     3 ||     4
   Stab: Distracted        |       |     1 |     1 ||     2
 Armour: Robe              |     4 |    19 |    62 ||    85
  Dodge: Dodged            |    17 |    31 |   110 ||   158
